 Dungeon Crawl Stone Soup version 0.27-a0-96-gb51a1d6fd6 (webtiles) character file.

Game seed: 10709617915165819833

194 kae the Skirmisher (level 5, 0/42 HPs)
             Began as a Demonspawn Monk on Jan 19, 2021.
             Slain by an orc wizard
             ... wielding a +0 dagger
              (1 damage)
             ... on level 3 of the Dungeon.
             The game lasted 00:01:26 (2960 turns).

kae the Skirmisher (Demonspawn Monk)                Turns: 2960, Time: 00:01:27

Health: 0/42       AC:  2    Str: 12    XL:     5   Next: 44%
Magic:  5/5        EV: 14    Int: 12    God:
Gold:   111        SH:  0    Dex: 15    Spells: 4/4 levels left

rFire    . . .     SeeInvis .     - Unarmed
rCold    . . .     Faith    .   (no shield)
rNeg     . . .     Spirit   .   a - +0 robe
rPois    .         Reflect  .   (no helmet)
rElec    .         Harm     .   (no cloak)
rCorr    .         Rampage  .   (no gloves)
Will     .....                  (no boots)
Stlth    ++........             (no amulet)
HPRegen  0.14/turn              (no ring)
MPRegen  0.09/turn              (no ring)

@: slowed, very slow
A: demonic guardian 2, spiny 1
a: no special abilities


You were on level 3 of the Dungeon.
You visited 1 branch of the dungeon, and saw 3 of its levels.

You collected 111 gold pieces.

Inventory:

Armour
 a - a +0 robe (worn)
Scrolls
 c - 3 scrolls of teleportation {unknown}
 d - a scroll of identify
 e - a scroll of enchant weapon {unknown}
 f - a scroll of fear {unknown}
Potions
 b - a potion of resistance
 g - a potion of cancellation {unknown}
 h - a potion of lignification {unknown}


   Skills:
 + Level 4.0 Fighting
 + Level 2.1 Armour
 + Level 3.6 Dodging
 - Level 1.7 Stealth
 + Level 3.7 Unarmed Combat


You had 4 spell levels left.
You didn't know any spells.
Your spell library was empty.

Dungeon Overview and Level Annotations

Branches:
Dungeon (3/15)

Altars:


Innate Abilities, Weirdness & Mutations

A demonic guardian rushes to your aid.
You are partially covered in sharp spines.


Message History

The orc wizard hits you with a +0 dagger.
* * * LOW HITPOINT WARNING * * *
The orc wizard barely misses you.
You barely miss the orc wizard.
The orc wizard is almost dead.
The orc wizard is struck by your spines.
The orc wizard hits you but does no damage.
The orc wizard hits you with a +0 dagger.
* * * LOW HITPOINT WARNING * * *
You closely miss the orc wizard.
The orc wizard is almost dead.
The orc wizard gestures at you while chanting.
The magic dart hits you.
* * * LOW HITPOINT WARNING * * *
The orc wizard misses you.
You closely miss the orc wizard.
The orc wizard is almost dead.
The orc wizard misses you.
The orc wizard hits you with a +0 dagger.
You die...

........... .#
#####.#..## #.#
#...).... #.###
#.#.#..##
####...#####...#..##
........ ..........
.....#####.#....##
#................#
#@.#.#####.##....#
#o.#.#####.##....#
#.##......<##.##....#
.....................#
.###...#.#####.##..#.#
......#.#####.##..#.#
....>.................
......................
#.#....#.#####.##.....


You could see an orc wizard (fast).

Vanquished Creatures
  An orc priest (D:3)
  A hound (D:2)
  An orc wizard (D:3)
  Ijyb (D:3)
  2 adders (D:2)
  A gnoll (D:1)
  An ooze (D:2)
  A dart slug (D:2)
  2 leopard geckos
  An orc (D:3)
  A ball python (D:1)
  A giant cockroach (D:1)
  10 hobgoblins
  4 jackals (D:2)
  3 quokkas (D:2)
  5 bats
  3 frilled lizards (D:2)
  6 goblins
  9 kobolds
  6 rats
60 creatures vanquished.

Vanquished Creatures (collateral kills)
  2 orcs (D:3)
2 creatures vanquished.

Grand Total: 62 creatures vanquished

Notes
Turn   | Place    | Note
-------+----------+-------------------------------------------
     0 | D:1      | kae the Demonspawn Monk began the quest for the Orb.
     0 | D:1      | Reached XP level 1. HP: 18/18 MP: 1/1
   220 | D:1      | Gained mutation: You are partially covered in sharp spines.
                  | [demonic ancestry]
   220 | D:1      | Reached XP level 2. HP: 17/24 MP: 2/2
   850 | D:1      | Reached skill level 1 in Armour
   850 | D:1      | Gained mutation: A weak demonic guardian rushes to your
                  | aid. [demonic ancestry]
   850 | D:1      | Reached XP level 3. HP: 29/29 MP: 3/3
  1860 | D:2      | Reached XP level 4. HP: 27/35 MP: 4/4
  2577 | D:3      | Noticed Ijyb
  2602 | D:3      | Killed Ijyb
  2733 | D:3      | Gained mutation: A demonic guardian rushes to your aid.
                  | [demonic ancestry]
  2733 | D:3      | Reached XP level 5. HP: 30/42 MP: 5/5
  2746 | D:3      | Reached skill level 4 in Fighting
  2959 | D:3      | HP: 1/42 [orc wizard/magic dart (6)]
  2960 | D:3      | Slain by an orc wizard

Illustrated notes

Levels and vault maps discovered:
D:1:      psy_arrival_radial02, layout_basic, minmay_misc_feat_iff
D:2:      layout_basic, serial_glass, glass_columns_a, glass_columns_a,
          kennysheep_big_empty_room, nrook_mini_vaults
D:3:      layout_basic, uniq_ijyb, uniq_grinder, uniq_sigmund

Skill      XL: |  1  2  3  4  5 |
---------------+----------------+-----
Unarmed Combat | 3 |  3.7
Dodging        | 3 |  3.6
Armour         | 1 2 |  2.1
Fighting       | 4 |  4.0
Stealth        | |  1.7

Action                   |  1- 3 |  4- 6 || total
-------------------------+-------+-------++-------
Melee: Unarmed           |    89 |    90 ||   179
       Punch             |     1 |     1 ||     2
  Use: Scroll            |     1 |       ||     1
       Potion            |       |     1 ||     1
 Stab: Sleeping          |     6 |     2 ||     8
       Distracted        |       |     1 ||     1
Armor: Robe              |    11 |     6 ||    17
Dodge: Dodged            |    44 |    49 ||    93

Table legend: (Time is in decaauts)
 A = Elapsed time spent in this place.
 B = Non-inter-level travel time spent in this place.
 C = Inter-level travel time spent in this place.
 D = Time resting spent in this place.
 E = Time spent auto-exploring this place.
 F = Levels seen in this place.
 G = Mean time per level.
                   A        B        C        D        E       F      G
               +--------+--------+--------+--------+--------+-----+--------+
         Total |   2952 |   2881 |     71 |    708 |   1810 |   3 |  984.0 |
       Dungeon |   2952 |   2881 |     71 |    708 |   1810 |   3 |  984.0 |
               +--------+--------+--------+--------+--------+-----+--------+

Top non-repeatable levels by time:
     D:1: 1550 daAuts
     D:2: 1075 daAuts
     D:3: 326 daAuts
